 Dungeon Crawl Stone Soup version 0.17.1-1-g73c8601 (webtiles) character file.

4027 oryxwild the Fighter (level 10, 0/94 HPs)
             Began as a Minotaur Berserker on Mar 11, 2016.
             Was an Elder of Trog.
             Killed by divine providence
             ... invoked by an orc priest
              (14 damage)
             ... on level 10 of the Dungeon.
             The game lasted 01:08:16 (6467 turns).

oryxwild the Fighter (Minotaur Berserker)           Turns: 6467, Time: 01:08:16

Health: 0/94       AC: 21    Str: 22    XL:     10   Next: 4%
Magic:  9/9        EV:  8    Int:  4    God:    Trog [****..]
Gold:   370        SH:  0    Dex: 13    Spells: 0 memorised, 9 levels left

rFire  . . .     SeeInvis .     p - +6 flail "Zesium" {crush, +Fly rElec}
rCold  + . .     Clarity  .     D - +3 plate armour
rNeg   . . .     SustAt   .     (no shield)
rPois  .         Gourm    .     (helmet restricted)
rElec  +         Spirit   .     n - +1 cloak
rCorr  .         Warding  .     z - +0 pair of gloves
rMut   .         Stasis   .     (no boots)
MR     .....                    j - amulet of regeneration
Stlth  ..........               (no ring)
                                g - ring of protection from cold

@: not resistant to hostile enchantments, extremely unstealthy
A: retaliatory headbutt, horns 2
a: Berserk, Trog's Hand, Brothers in Arms, Burn Spellbooks, Renounce Religion,
Evoke Flight


You were on level 10 of the Dungeon.
You worshipped Trog.
Trog was greatly pleased with you.
You were not hungry.

You visited 1 branch of the dungeon, and saw 10 of its levels.

You collected 370 gold pieces.

Inventory:

Hand Weapons
 o - a +0 dire flail
 p - the +6 flail "Zesium" (weapon) {crush, +Fly rElec}
   (You found it on level 9 of the Dungeon)

   It inflicts extra damage upon your enemies.
   It insulates you from electricity.
   It lets you fly.
 r - a +0 flail
Missiles
 d - 7 silver tomahawks (quivered)
Armour
 n - a +1 cloak (worn)
 z - a +0 pair of gloves (worn)
 D - a +3 plate armour (worn)
Jewellery
 g - a ring of protection from cold (left hand)
 j - an amulet of regeneration (around neck)
Wands
 e - a wand of enslavement (0)
 w - a wand of frost (31)
Scrolls
 a - 2 scrolls of identify
 k - a scroll of amnesia {unknown}
 l - a scroll of enchant armour {unknown}
 q - a scroll of recharging {unknown}
 t - a scroll of remove curse
 u - a scroll of immolation {unknown}
 x - a scroll of vulnerability {unknown}
 y - a scroll of blinking {unknown}
Potions
 b - a potion of degeneration
 h - a potion of curing
 i - a potion of flight
 m - a potion of berserk rage
 s - a potion of ambrosia
 v - a potion of haste
 A - 2 potions of heal wounds {unknown}
 C - a potion of beneficial mutation {unknown}
 E - a potion of mutation {unknown}
Comestibles
 c - 7 royal jellies
 f - 3 slices of pizza
 B - 3 meat rations


   Skills:
 + Level 10.7 Fighting
 + Level 10.5 Maces & Flails
 + Level 10.2 Armour
 - Level 2.1 Dodging


You had 9 spell levels left.
You didn't know any spells.

Dungeon Overview and Level Annotations

Branches:
Dungeon (10/15)            Temple (0/1) D:4
   Lair: D:8-11         Orc: D:9-12

Altars:
Fedhas
Gozag
Makhleb

Shops:
D:10 }


Innate Abilities, Weirdness & Mutations

You reflexively headbutt those who attack you in melee.
You have a pair of horns on your head.


Message History

A giant frog comes into view.
The giant frog croaks.
The electric eel shoots out a bolt of lightning at you!
The bolt of electricity hits you! You resist.
* * * LOW HITPOINT WARNING * * *
A troll comes into view.
The troll shouts!
An orc priest comes into view. It is wielding a short sword.
The orc priest shouts!
The orc wizard gestures wildly while chanting.
The orc wizard flickers and vanishes!
Deactivating autopickup; reactivate with Ctrl-A.
The giant frog hits you but does no damage.
The giant frog hits you.
* * * LOW HITPOINT WARNING * * *
The orc warrior hits you but does no damage.
The giant frog barely misses you.
The orc priest calls down the wrath of Beogh upon something.
Something smites you!
You die...

#..≈≈##.... #...o.
.... #.≈≈##...
#.≈≈.#..
#T≈≈o'############
#.≈8≈≈≈≈≈≈≈≈≈≈≈≈≈≈
#o8≈;≈≈≈≈≈≈≈≈≈≈≈≈≈
#@FT.C.l!.........
##############.#..
...... #####.. #..
###


You could see a hill giant, 2 trolls, an orc warrior, a giant frog, an iguana,
an electric eel and 2 orc priests.

Vanquished Creatures
  Maurice (D:9)
  A queen bee (D:8)
  Grinder (D:3)
  A two-headed ogre (D:10)
  Sigmund (D:2)
  A hippogriff (D:7)
  A hungry ghost (D:7)
  2 ice beasts
  3 centaurs
  A sky beast (D:7)
  2 ogres
  A big kobold (D:9)
  2 giant frogs
  2 scorpions
  20 killer bees
  4 crimson imps
  4 hounds
  5 orc priests
  A jelly (D:9)
  4 orc wizards
  Natasha (thrice) (D:3)
  2 worker ants
  A worker ant zombie (D:9)
  8 adders
  A shadow imp (D:9)
  An adder zombie (D:5)
  9 giant geckos
  16 orcs
  5 giant cockroaches
  9 hobgoblins
  4 jackals
  10 kobolds
  4 quokkas
  4 bats
  5 giant newts
  10 goblins
  7 rats
157 creatures vanquished.

Notes
Turn   | Place    | Note
--------------------------------------------------------------
     0 | D:1      | oryxwild the Minotaur Berserker began the quest for the Orb.
     0 | D:1      | Reached XP level 1. HP: 19/19 MP: 0/0
   325 | D:1      | Reached XP level 2. HP: 20/27 MP: 1/1
   852 | D:2      | Reached skill level 4 in Maces & Flails
   957 | D:2      | Reached XP level 3. HP: 33/33 MP: 2/2
  1224 | D:2      | Found an opulent altar of Gozag.
  1365 | D:2      | Noticed Sigmund
  1373 | D:2      | Killed Sigmund
  1373 | D:2      | Reached skill level 5 in Fighting
  1373 | D:2      | Reached skill level 5 in Maces & Flails
  1373 | D:2      | Reached XP level 4. HP: 42/42 MP: 3/3
  1373 | D:2      | Reached XP level 5. HP: 48/48 MP: 4/4
  2491 | D:2      | Reached ** piety under Trog
  2858 | D:3      | Found a blossoming altar of Fedhas.
  3151 | D:3      | Noticed Natasha
  3156 | D:3      | Killed Natasha
  3156 | D:3      | Reached XP level 6. HP: 37/56 MP: 5/5
  3822 | D:3      | Noticed Natasha
  3829 | D:3      | Killed Natasha
  3864 | D:3      | Noticed Natasha
  3870 | D:3      | Killed Natasha
  3870 | D:3      | Reached *** piety under Trog
  3901 | D:3      | Noticed Grinder
  3903 | D:3      | Paralysed by Grinder for 3 turns
  3913 | D:3      | Paralysed by Grinder for 7 turns
  3929 | D:3      | Killed Grinder
  3929 | D:3      | Reached skill level 6 in Fighting
  3929 | D:3      | Reached skill level 5 in Armour
  4094 | D:4      | Reached XP level 7. HP: 62/64 MP: 6/6
  4125 | D:4      | Found a staircase to the Ecumenical Temple.
  4456 | D:5      | Entered Level 5 of the Dungeon
  4515 | D:5      | Reached skill level 7 in Fighting
  4710 | D:6      | Reached XP level 8. HP: 48/73 MP: 7/7
  4963 | D:7      | Found a burning altar of Makhleb.
  5024 | D:7      | Reached skill level 8 in Fighting
  5361 | D:8      | Reached skill level 9 in Fighting
  5362 | D:8      | Noticed a queen bee
  5365 | D:8      | Reached XP level 9. HP: 55/83 MP: 8/8
  5391 | D:8      | Killed a queen bee
  5419 | D:8      | Reached **** piety under Trog
  5481 | D:8      | Got a creamy pearl robe
  5492 | D:8      | Identified the cursed +1 robe "Remud" {Stlth+} (You found it on level 8 of the Dungeon)
  5640 | D:9      | Received a gift from Trog
  5703 | D:9      | Reached skill level 10 in Fighting
  5704 | D:9      | Reached skill level 10 in Maces & Flails
  5724 | D:9      | Got a fine flail
  5732 | D:9      | Identified the +6 flail "Zesium" {crush, +Fly rElec} (You found it on level 9 of the Dungeon)
  5857 | D:9      | Noticed Maurice
  6135 | D:9      | Killed Maurice
  6135 | D:9      | Reached skill level 10 in Armour
  6379 | D:10     | Entered Level 10 of the Dungeon
  6388 | D:10     | Reached XP level 10. HP: 75/94 MP: 9/9
  6389 | D:10     | Noticed a hill giant
  6411 | D:10     | Found Ijeer's Quality Used Wands.
  6433 | D:10     | HP: 2/94 [hill giant/giant spiked club (16)]
  6441 | D:10     | HP: 4/94 [troll (3)]
  6467 | D:10     | Killed from afar by an orc priest

Action                   |  1- 3 |  4- 6 |  7- 9 | 10-12 || total
-------------------------+-------+-------+-------+-------++-------
Melee: Mace              |    59 |    45 |       |       ||   104
       Flail             |       |    48 |   351 |     3 ||   402
Invok: Berserk           |     2 |     2 |     1 |       ||     5
       Trog's Hand       |       |     1 |     3 |       ||     4
       Burn Spellbooks   |       |       |     1 |       ||     1
  Use: Scroll            |       |     6 |     5 |       ||    11
       Potion            |       |       |     2 |     1 ||     3
 Stab: Sleeping          |     1 |       |       |       ||     1
  Eat: Chunk             |     2 |     3 |     3 |       ||     8
       Bread ration      |       |     2 |     4 |       ||     6
       Pizza             |       |       |     1 |       ||     1
